 Dungeon Crawl Stone Soup version 0.21.1-1-g345015f (webtiles) character file.

1607 letownia2 the Destroyer (level 8, -4/44 HPs)
             Began as a Tengu Air Elementalist on Mar 3, 2018.
             Was a Believer of Sif Muna.
             Killed by divine providence
             ... invoked by an orc priest
              (11 damage)
             ... on level 7 of the Dungeon.
             The game lasted 00:23:54 (2481 turns).

letownia2 the Destroyer (Tengu Air Elementalist)    Turns: 2481, Time: 00:23:55

Health: -4/44      AC:  6    Str:  9    XL:     8   Next: 95%
Magic:  5/15       EV: 13    Int: 17    God:    Sif Muna [**....]
Gold:   167        SH:  0    Dex: 15    Spells: 7/16 levels left

rFire    + . .     SeeInvis .   a - +4 quarterstaff (chaos)
rCold    . . .     Gourm    .   (shield currently unavailable)
rNeg     . . .     Faith    .   B - +0 leather armour
rPois    .         Spirit   .   p - +1 hat
rElec    .         Reflect  .   w - +1 cloak {MR+}
rCorr    .         Harm     .   (no gloves)
MR       +....                  (boots unavailable)
Stlth    ++........             (no amulet)
HPRegen  0.14/turn              m - ring of protection from fire
MPRegen  0.14/turn              (no ring)

@: about to teleport
A: beak, talons 3, able to fly 1
a: Fly, Divine Energy, Renounce Religion


You were on level 7 of the Dungeon.
You worshipped Sif Muna.
Sif Muna was pleased with you.
You were hungry.

You visited 1 branch of the dungeon, and saw 8 of its levels.

You collected 167 gold pieces.

Inventory:

Hand Weapons
 a - a +4 quarterstaff of chaos (weapon)
 n - a +0 flail
 u - a +0 flail of protection
 v - a +2 dagger of draining
 x - a +0 falchion of electrocution
 y - a +0 shortbow
Missiles
 f - 4 tomahawks (quivered)
 z - 20 arrows
Armour
 p - a +1 hat (worn)
 w - a +1 cloak of magic resistance (worn)
 B - a +0 leather armour (worn)
Jewellery
 m - a ring of protection from fire (left hand)
Wands
 e - a wand of scattershot (6)
 r - a wand of paralysis (11)
 t - a wand of acid (12)
Scrolls
 j - a scroll of enchant armour
Potions
 g - a potion of curing {unknown}
 h - 2 potions of agility {unknown}
 q - a potion of brilliance
 s - 2 potions of resistance {unknown}
 C - a potion of magic
Books
 b - a book of Air

   Spells                             Type                      Level
   a - Shock                          Conjuration/Air              1
   b - Swiftness                      Charms/Air                   2
   c - Static Discharge               Conjuration/Air              3
   d - Airstrike                      Air                          4
   e - Lightning Bolt                 Conjuration/Air              5
Comestibles
 c - 11 rations
 D - 2 chunks of flesh


   Skills:
 + Level 2.2 Fighting
 + Level 2.4 Armour
 - Level 3.0 Dodging
 - Level 2.0 Stealth
 - Level 4.5 Spellcasting
 + Level 10.7 Conjurations
 + Level 5.5 Air Magic
 + Level 1.5 Invocations
 + Level 0.7 Evocations


You had 7 spell levels left.
You knew the following spells:

 Your Spells              Type           Power        Failure   Level  Hunger
a - Shock                 Conj/Air       ####         1%          1    None
d - Static Discharge      Conj/Air       ####....     2%          3    ###....
l - Lightning Bolt        Conj/Air       ####......   21%         5    ######.


Dungeon Overview and Level Annotations

Branches:
Dungeon (8/15)             Temple (0/1) D:6
   Lair: D:8-11

Altars:
Elyvilon
Makhleb
Sif Muna
Zin

Annotations:
D:3 Ratty's ghost, amateur DENe


Innate Abilities, Weirdness & Mutations

You have a beak for a mouth.
You have claws for feet.
You can fly.


Message History

The yak is lightly wounded.
Unknown command.
Unknown command.
An orc priest comes into view.
An orc warrior, an orc priest and a hungry ghost come into view.
The orc priest shouts!
The orc warrior shouts!
The orc warrior moves out of view.
The orc priest moves out of view.
You hear a shout! x2
The orc priest invokes the aid of Beogh against you.
Beogh smites you!
* * * LOW HITPOINT WARNING * * *
Unknown command.
The hungry ghost misses you.
Unknown command.
Unknown command.
As you read the scroll labeled YTSONEETIESS, it crumbles to dust.
You feel strangely unstable.
It was a scroll of teleportation.
The orc priest invokes the aid of Beogh against you.
Beogh smites you!
You die...

####..### ....(..#...........#...
..##### ......#.#...........#...
..##### ....###.#...........#.##
####..####.......................
##......####.....#...........#...
..........####.#.#........####...
.................o...............
..>Y.........Y...W.o.............
#..#.##..#...###@##...####..#####
#..#.##.......YY.#....#..#..#)..#
...#.##...............#..#P.#...÷
#....##....#+##.÷#o...##'#..###'#
.....##...... #..#...........(.(#
#....##.##....#..#..........).⌠..
.................#.r....###'#....
..........#.##...##'#..[#'##.
.........#.......#÷.#...#..#.


You could see 3 yaks, a hungry ghost, an orc warrior, 2 orc priests and a quokka
(wandering).

Vanquished Creatures
  A hippogriff (D:7)
  A yak (D:7)
  An ice beast (D:5)
  A phantom (D:4)
  2 ogres
  A centaur (D:7)
  Blork the orc (D:6)
  2 bullfrogs (D:7)
  2 scorpions (D:6)
  A bullfrog zombie (D:7)
  A hound (D:8)
  2 orc wizards (D:5)
  A centaur skeleton (D:4)
  A gnoll shaman (D:4)
  Crazy Yiuf (D:6)
  2 iguanas
  4 worker ants
  8 gnolls
  5 adders
  An adder zombie (D:6)
  2 oozes
  3 adder skeletons
  2 dart slugs
  5 leopard geckos
  5 orcs
  6 giant cockroaches
  5 goblins
  4 hobgoblins
  A quokka (D:4)
  3 bats
  2 frilled lizards (D:2)
  6 kobolds
  5 rats
88 creatures vanquished.

Notes
Turn   | Place    | Note
-------+----------+-------------------------------------------
     0 | D:1      | letownia2 the Tengu Air Elementalist began the quest for the Orb.
     0 | D:1      | Reached XP level 1. HP: 10/10 MP: 4/4
    24 | D:1      | You fall through a shaft!
    64 | D:2      | Reached skill level 2 in Conjurations
    85 | D:3      | Reached XP level 2. HP: 14/15 MP: 1/6
   101 | D:2      | Reached skill level 3 in Conjurations
   222 | D:2      | Found a glowing silver altar of Zin.
   224 | D:2      | Found a deep blue altar of Sif Muna.
   235 | D:2      | Became a worshipper of Sif Muna the Loreminder
   239 | D:2      | Found a burning altar of Makhleb.
   259 | D:2      | Reached XP level 3. HP: 16/19 MP: 3/7
   293 | D:2      | Reached skill level 4 in Conjurations
   349 | D:2      | Learned a level 3 spell: Static Discharge
   523 | D:3      | Reached skill level 5 in Conjurations
   523 | D:3      | Reached XP level 4. HP: 15/24 MP: 5/8
   532 | D:3      | Noticed Ratty's ghost (amateur DENe)
   537 | D:3      | HP: 1/24 [Ratty's ghost/nerve-wracking pain (5)]
   838 | D:4      | Reached skill level 6 in Conjurations
   838 | D:4      | Gained mutation: You can fly. [Tengu growth]
   838 | D:4      | Reached XP level 5. HP: 28/28 MP: 2/9
   851 | D:4      | Noticed a phantom
   865 | D:3      | Reached * piety under Sif Muna
   973 | D:4      | Reached skill level 7 in Conjurations
   977 | D:4      | Killed a phantom
   977 | D:4      | Reached skill level 8 in Conjurations
   977 | D:4      | Reached XP level 6. HP: 16/32 MP: 1/10
  1109 | D:5      | Entered Level 5 of the Dungeon
  1235 | D:5      | Noticed an ice beast
  1353 | D:4      | Reached XP level 7. HP: 10/36 MP: 10/13
  1487 | D:5      | Found a white marble altar of Elyvilon.
  1592 | D:5      | Reached ** piety under Sif Muna
  1600 | D:6      | Noticed Blork the orc
  1610 | D:6      | Killed Blork the orc
  1657 | D:6      | Found a staircase to the Ecumenical Temple.
  1720 | D:6      | Reached skill level 9 in Conjurations
  1747 | D:6      | Found a runed door.
  1751 | D:6      | Noticed Crazy Yiuf
  1756 | D:6      | Killed Crazy Yiuf
  1828 | D:7      | Reached XP level 8. HP: 41/41 MP: 11/15
  1845 | D:7      | Learned a level 5 spell: Lightning Bolt
  1867 | D:6      | Reached skill level 10 in Conjurations
  2002 | D:7      | Noticed a hippogriff
  2014 | D:7      | Killed a hippogriff
  2014 | D:7      | Reached skill level 1 in Fighting
  2014 | D:7      | Reached skill level 1 in Armour
  2056 | D:7      | HP: 2/43 [bullfrog (5)]
  2057 | D:7      | Reached skill level 5 in Air Magic
  2362 | D:7      | Noticed a yak
  2410 | D:7      | Reached skill level 1 in Invocations
  2413 | D:7      | Noticed a yak
  2413 | D:7      | Noticed a yak
  2413 | D:7      | Noticed a yak
  2413 | D:7      | Noticed a yak
  2413 | D:7      | Noticed a yak
  2464 | D:7      | Killed a yak
  2481 | D:7      | Killed from afar by an orc priest

Skill      XL: |  1  2  3  4  5  6  7  8 |
---------------+-------------------------+-----
Conjurations   | 2 3 5 6 8 9 10 | 10.7
Spellcasting   | 3 4 |  4.5
Fighting       | 2 |  2.2
Armour         | 2 |  2.4
Air Magic      | 5 |  5.5
Dodging        | 3 |  3.0
Invocations    | 1 |  1.5
Stealth        | |  2.0
Evocations     | |  0.7

Action                   |  1- 3 |  4- 6 |  7- 9 || total
-------------------------+-------+-------+-------++-------
Melee: Unarmed           |     7 |       |       ||     7
       Peck              |     1 |       |     1 ||     2
       Flail             |       |     4 |       ||     4
       Kick              |       |     1 |     1 ||     2
       Dagger            |       |       |     8 ||     8
       Quarterstaff      |       |       |     4 ||     4
Throw: Tomahawk          |       |     1 |       ||     1
 Cast: Shock             |    41 |    75 |   109 ||   225
       Static Discharge  |       |       |     1 ||     1
       Lightning Bolt    |       |       |     1 ||     1
Evoke: Wand              |       |       |     9 ||     9
  Use: Scroll            |       |       |    10 ||    10
       Potion            |       |       |     1 ||     1
 Stab: Paralysed         |       |       |     4 ||     4
       Sleeping          |       |       |     1 ||     1
  Eat: Chunk             |       |     3 |     3 ||     6
Armor: Robe              |    18 |     4 |       ||    22
       Leather armour    |       |       |     8 ||     8
Dodge: Dodged            |    43 |    23 |    27 ||    93
